cohdb
Replays
Latest Replays
All Replays
Popular Replays
Top Player Replays
Match Explorer
How It Works
Community
CoH3 Stats
Reddit
Sign in to upload your games and track your stats! →
Sign in with Steam
Match 45534942
Unlisted
Match 45534942
Overview
Messages
Build Orders
End
Royal Engineer Section
Construct Section Command Post
Dingo Light Scout Car
Infantry Section
Infantry Section
Construct Platoon Command Post
Vickers Machine Gun Team
Infantry Section
Selects Heavy Armor Battlegroup
Selects Rigorous Vehicle Training
Selects Light Vehicle Withdraw and Refit
Humber Armored Car
Infantry Section
Light Vehicle Withdraw and Refit
Infantry Section
Construct Field Infirmary
Selects UNKNOWN (202330)
6-pounder Anti-tank Gun Team
Grenade Package
Unlock M3 Stuart Light Tanks
M3 Stuart Light Tank
Selects Recon Artillery
ML 3-inch Mortar Team
M3 Stuart Light Tank
M3 Stuart Light Tank
rocketpossum
Gambit Accepted
0
0
Comments
sign in to comment!
No comments posted yet!